 Dungeon Crawl Stone Soup version 0.23.2-33-g5129a83184 (webtiles) character file.

Game seed: 11072280236440618583

1071 Kobolds4U the Slasher (level 8, -4/62 HPs)
             Began as a Demonspawn Abyssal Knight on June 29, 2019.
             Was an Elder of Lugonu.
             Slain by an orc warrior
             ... wielding a +0 dire flail
              (11 damage)
             ... on level 6 of the Dungeon.
             The game lasted 00:15:59 (7535 turns).

Kobolds4U the Slasher (Demonspawn Abyssal Knight)   Turns: 7535, Time: 00:16:00

Health: -4/62      AC: 12    Str: 13    XL:     8   Next: 7%
Magic:  11/11      EV:  7    Int: 13    God:    Lugonu [****..]
Gold:   180        SH:  4    Dex: 15    Spells: 7/7 levels left

rFire    + . .     SeeInvis .   a - +1 falchion
rCold    + . .     Gourm    .   h - +0 buckler
rNeg     . . .     Faith    .   u - +0 plate armour
rPois    .         Spirit   .   (helmet restricted)
rElec    .         Reflect  .   m - scarf {rC+ rF+}
rCorr    .         Harm     .   H - +0 pair of gloves
MR       .....                  d - +0 pair of boots
Stlth    ..........             (no amulet)
HPRegen  0.20/turn              (no ring)
MPRegen  0.12/turn              (no ring)

@: repel missiles
A: antennae 2, repulsion field 3, demonic guardian 1, nightstalker 1
a: Depart the Abyss, Bend Space, Banish, Corrupt, Renounce Religion


You were on level 6 of the Dungeon.
You worshipped Lugonu.
Lugonu was greatly pleased with you.
You were not hungry.

You visited 1 branch of the dungeon, and saw 6 of its levels.
You visited the Abyss 1 time.
You also visited: Ossuary.

You collected 276 gold pieces.
You spent 96 gold pieces at shops.

Inventory:

Hand Weapons
 a - a +1 falchion (weapon)
 w - a +0 longbow
Missiles
 b - 4 javelins (quivered)
 o - 68 arrows
Armour
 d - a +0 pair of boots (worn)
 h - a +0 buckler (worn)
 m - a scarf of resistance (worn)
 u - a +0 plate armour (worn)
 H - a +0 pair of gloves (worn)
Wands
 g - a wand of clouds (4)
 E - a wand of polymorph (8)
 I - a wand of iceblast (9)
 K - a wand of flame (14)
Scrolls
 e - 5 scrolls of magic mapping {unknown}
 i - 5 scrolls of identify {unknown}
 j - a scroll of enchant armour {unknown}
 k - 2 scrolls of noise {unknown}
 l - a scroll of remove curse {unknown}
 n - 2 scrolls of fear {unknown}
 r - a scroll of immolation {unknown}
 x - 3 scrolls of teleportation {unknown}
 y - a scroll of torment {unknown}
 D - 2 scrolls of amnesia {unknown}
 G - a scroll of random uselessness {unknown}
 L - a scroll of fog {unknown}
Potions
 f - a potion of might {unknown}
 p - a potion of invisibility {unknown}
 q - 2 potions of brilliance {unknown}
 s - a potion of cancellation {unknown}
 t - 2 potions of heal wounds {unknown}
 v - a potion of ambrosia {unknown}
 z - 4 potions of curing {unknown}
 A - 2 potions of lignification {unknown}
 B - a potion of magic {unknown}
 C - 3 potions of agility {unknown}
 F - 2 potions of berserk rage {unknown}
 J - a potion of flight {unknown}
 N - a potion of degeneration {unknown}
Comestibles
 c - 12 rations


   Skills:
 + Level 5.3 Fighting
 + Level 7.2 Long Blades
 - Level 1.7 Armour
 - Level 0.8 Dodging
 * Level 1.5 Shields
 - Level 4.0 Invocations


You had 7 spell levels left.
You didn't know any spells.
Your spell library contained the following spells:

 Spells                   Type           Power        Failure   Level  Hunger
 Beastly Appendage        Tmut           #.....       100%        1    ##.....
 Sticks to Snakes         Tmut           #.......     100%        2    ###....
 Spider Form              Tmut/Pois      #.........   100%        3    ####...
 Ice Form                 Ice/Tmut       #.......     100%        4    #####..
 Blade Hands              Tmut           #.........   100%        5    ######.


Dungeon Overview and Level Annotations

Branches:
Dungeon (6/15)             Temple (0/1) D:5

Altars:
Dithmenos
Elyvilon
Fedhas
Gozag
Hepliaklqana
Makhleb
Nemelex Xobeh
Okawaru
Wu Jian
Xom
Yredelemnul
Zin
The Shining One

Shops:
D:5 }

Annotations:
D:5 3 runed translucent doors, BorisKarlOrff's ghost, novice OpAs


Innate Abilities, Weirdness & Mutations

You have a pair of antennae on your head.
You are surrounded by a strong repulsion field. (EV +4, RMsl)
A weak demonic guardian rushes to your aid.
You are slightly more attuned to the shadows.


Message History

Your quasit disappears in a puff of smoke!
The orc warrior hits you with a +0 dire flail!
* * * LOW HITPOINT WARNING * * *
You closely miss the orc warrior.
The orc warrior is moderately wounded.
The orc warrior hits you with a +0 dire flail!
* * * LOW HITPOINT WARNING * * *
You hit the orc warrior.
The orc warrior is heavily wounded.
The orc warrior barely misses you.
You riposte.
You hit the orc warrior.
The orc warrior is heavily wounded.
You hit the orc warrior.
The orc warrior is heavily wounded.
The orc warrior closely misses you.
You riposte.
You closely miss the orc warrior.
The orc warrior is heavily wounded.
Your plate armour prevents you from hitting the orc warrior.
The orc warrior is heavily wounded.
The orc warrior hits you with a +0 dire flail!
You die...

.##......##...####
.........####.†.$#####
..#......# ##[[.......
..#......# #.........
....###### #.........
##.....# #.........
####.. #####.........
..........5.....
######..@o.....
#......... #.........
#......... ##########


You could see an orc warrior and a friendly quasit.

Vanquished Creatures
  Sigmund (D:6)
  2 phantoms
  2 ogres
  A hound (D:5)
  An orc priest (D:6)
  A gnoll shaman (D:5)
  Jessica (D:3)
  An iguana (D:5)
  A worker ant (D:5)
  A killer bee zombie (D:6)
  4 big kobold zombies (Ossuary)
  2 hound skeletons (D:4)
  2 mummies
  3 gnolls
  6 adders
  An ooze (D:5)
  An adder skeleton (D:5)
  6 worms
  4 dart slugs
  3 orcs
  4 spectral bats (Ossuary)
  7 giant cockroaches
  7 gnoll zombies (Ossuary)
  9 goblins
  10 hobgoblins
  8 jackals
  9 kobolds
  4 quokkas
  10 bats
  5 bat simulacra (Ossuary)
  5 frilled lizards
  2 goblin simulacra (Ossuary)
  4 goblin zombies (Ossuary)
  5 hobgoblin zombies
  3 kobold simulacra (Ossuary)
  5 kobold zombies
  3 leopard gecko skeletons
  6 orc zombies (Ossuary)
  9 rats
  3 rat simulacra (Ossuary)
  3 spectral goblins (Ossuary)
  6 spectral kobolds (Ossuary)
  2 spectral rats (Ossuary)
173 creatures vanquished.

Vanquished Creatures (collateral kills)
  An ice beast (D:5)
  An orc priest (D:6)
  4 gnolls
  An orc (D:6)
  2 jackals (D:6)
  A quokka (D:6)
  A frilled lizard (D:4)
  A gnoll zombie (Ossuary)
12 creatures vanquished.

Vanquished Creatures (others)
  An ice beast (D:5)
  A bullfrog (D:5)
  A howler monkey (D:5)
  A worker ant (D:5)
  A worm (D:5)
  A quokka (D:5)
  A jackal zombie (D:5)
7 creatures vanquished.

Grand Total: 192 creatures vanquished

Notes
Turn   | Place    | Note
-------+----------+-------------------------------------------
     0 | Abyss:1  | Kobolds4U the Demonspawn Abyssal Knight began the quest for
                  | the Orb.
     0 | Abyss:1  | Reached XP level 1. HP: 18/18 MP: 2/2
     3 | Abyss:1  | Found a bloodstained altar of Trog.
    54 | Abyss:1  | Found a bloodstained altar of Trog.
   111 | Abyss:1  | Noticed a large abomination
   122 | Abyss:1  | Noticed a smoke demon
   123 | D:1      | Escaped the Abyss
   370 | D:1      | Reached skill level 2 in Long Blades
   479 | D:1      | Gained mutation: A weak demonic guardian rushes to your
                  | aid. [demonic ancestry]
   479 | D:1      | Reached XP level 2. HP: 16/24 MP: 3/3
   614 | D:1      | Reached * piety under Lugonu
   740 | D:1      | Reached skill level 3 in Long Blades
  1270 | D:1      | Gained mutation: You have a pair of small antennae on your
                  | head. [demonic ancestry]
  1270 | D:1      | Reached XP level 3. HP: 27/29 MP: 4/4
  1747 | D:2      | Found a burning altar of Makhleb.
  1749 | D:2      | Found a white marble altar of Elyvilon.
  1749 | D:2      | Found a hazy altar of Hepliaklqana.
  1749 | D:2      | Found a glowing silver altar of Zin.
  2356 | D:2      | Found an opulent altar of Gozag.
  2537 | D:3      | Gained mutation: You are surrounded by a mild repulsion
                  | field. (EV +2) [demonic ancestry]
  2537 | D:3      | Reached XP level 4. HP: 35/35 MP: 5/5
  2539 | D:3      | Reached skill level 4 in Long Blades
  2579 | D:3      | Reached ** piety under Lugonu
  3136 | D:3      | Found a blossoming altar of Fedhas.
  3157 | D:3      | Noticed Jessica
  3172 | D:3      | Killed Jessica
  3172 | D:3      | Gained mutation: You are slightly more attuned to the
                  | shadows. [demonic ancestry]
  3172 | D:3      | Reached XP level 5. HP: 33/41 MP: 4/6
  3616 | D:3      | Found a shadowy altar of Dithmenos.
  3617 | D:3      | Found a sparkling altar of Nemelex Xobeh.
  3619 | D:3      | Found a glowing golden altar of the Shining One.
  3728 | D:4      | Found a sand-covered staircase.
  3738 | D:4      | Reached skill level 5 in Long Blades
  3766 | D:4      | Noticed a phantom
  3858 | Ossuary  | Entered an ossuary
  3922 | Ossuary  | Reached *** piety under Lugonu
  4197 | Ossuary  | Gained mutation: You are surrounded by a moderate repulsion
                  | field. (EV +3) [demonic ancestry]
  4197 | Ossuary  | Reached XP level 6. HP: 40/47 MP: 8/8
  4337 | Ossuary  | Reached **** piety under Lugonu
  4558 | D:4      | Reached skill level 6 in Long Blades
  5009 | D:4      | Found an ornate altar of the Wu Jian Council.
  5072 | D:5      | Entered Level 5 of the Dungeon
  5072 | D:5      | Found a runed translucent gate.
  5072 | D:5      | Found a runed translucent gate.
  5073 | D:5      | Found a runed translucent gate.
  5109 | D:5      | Gained mutation: You are surrounded by a strong repulsion
                  | field. (EV +4, RMsl) [demonic ancestry]
  5109 | D:5      | Reached XP level 7. HP: 6/52 MP: 10/10
  5687 | D:5      | Found Komn's Gadget Shop.
  5765 | D:5      | Bought a wand of flame (14) for 96 gold pieces
  5775 | D:5      | Noticed BorisKarlOrff's ghost (novice OpAs)
  6120 | D:5      | Found a basalt altar of Yredelemnul.
  6121 | D:5      | Found an iron altar of Okawaru.
  6200 | D:5      | Found a shimmering altar of Xom.
  6498 | D:5      | Found a staircase to the Ecumenical Temple.
  6764 | D:6      | Reached skill level 7 in Long Blades
  7058 | D:6      | Noticed Sigmund
  7143 | D:6      | Reached skill level 5 in Fighting
  7198 | D:6      | Killed Sigmund
  7198 | D:6      | Reached skill level 1 in Shields
  7198 | D:6      | Gained mutation: You have a pair of antennae on your head.
                  | [demonic ancestry]
  7198 | D:6      | Reached XP level 8. HP: 59/62 MP: 11/11
  7535 | D:6      | Slain by an orc warrior

Skill      XL: |  1  2  3  4  5  6  7 |
---------------+----------------------+-----
Long Blades    | 2 3 4 5 6 7 |  7.2
Invocations    | 3 4 |  4.0
Fighting       | 5 |  5.3
Shields        | 1 |  1.5
Armour         | |  1.7
Dodging        | |  0.8

Action                   |  1- 3 |  4- 6 |  7- 9 || total
-------------------------+-------+-------+-------++-------
Melee: Falchion          |   126 |   466 |   227 ||   819
Invok: Depart the Abyss  |     1 |       |       ||     1
       Bend Space        |       |     1 |     6 ||     7
 Stab: Distracted        |       |     1 |     2 ||     3
  Eat: Chunk             |     5 |     6 |     8 ||    19
       Ration            |       |     1 |       ||     1
Armor: Leather armour    |    40 |     3 |       ||    43
       Plate armour      |       |   270 |   139 ||   409
Dodge: Dodged            |    49 |    90 |    54 ||   193
       Deflected         |       |       |     2 ||     2
Block: Buckler           |    16 |    49 |    39 ||   104
       Rpst.: Falchion   |    19 |    24 |    23 ||    66
